 Dungeon Crawl Stone Soup version 0.18.1-8-gdd0e5ea (webtiles) character file.

326 Larett the Sneak (level 6, -7/50 HPs)
             Began as a Deep Dwarf Artificer on May 30, 2016.
             Mangled by an ogre
             ... wielding a +0 giant club
              (18 damage)
             ... on level 4 of the Dungeon.
             The game lasted 00:12:16 (2873 turns).

Larett the Sneak (Deep Dwarf Artificer)             Turns: 2873, Time: 00:12:17

Health: -7/50      AC:  6    Str: 17    XL:     6   Next: 24%
Magic:  7/7        EV: 12    Int: 12    God:
Gold:   61         SH:  0    Dex: 13    Spells: 0 memorised, 5 levels left

rFire  . . .     SeeInvis .     a - +0 short sword
rCold  . . .     Gourm    .     b - +0 leather armour
rNeg   . . .     Faith    .     (no shield)
rPois  .         Spirit   .     (no helmet)
rElec  .         Dismiss  .     (no cloak)
rCorr  .         Reflect  .     D - +2 pair of gloves
SustAt .         Harm     .     (no boots)
MR     .....                    (no amulet)
Stlth  +++.......               (no ring)
                                (no ring)

@: non-regenerating, drained, not resistant to hostile enchantments, fairly
stealthy
A: damage resistance, recharge devices, sense surroundings 1, slow regeneration
3
a: Device Recharging


You were on level 4 of the Dungeon.
You were not hungry.

You visited 1 branch of the dungeon, and saw 4 of its levels.

You collected 187 gold pieces.
You spent 126 gold pieces at shops.

Inventory:

Hand Weapons
 a - a +0 short sword (weapon)
 q - a +0 hunting sling
 A - a +0 hunting sling
 H - a +0 flail of draining
Missiles
 j - 47 bolts
 m - 26 arrows
 n - 33 stones (quivered)
 t - 12 poisoned needles
 y - 6 javelins
Armour
 b - a +0 leather armour (worn)
 u - a +1 pair of gloves
 x - a +0 chain mail
 D - a +2 pair of gloves (worn)
Jewellery
 C - an uncursed ring of teleportation
Wands
 c - a wand of flame (4/48)
 d - a wand of enslavement (6/24)
 e - a wand of random effects (15/48)
 f - a wand of heal wounds (1/9)
Scrolls
 p - a scroll of recharging {unknown}
 r - 2 scrolls of identify
 w - a scroll of remove curse
 z - a scroll of immolation {unknown}
 B - a scroll of fog {unknown}
 E - 2 scrolls of teleportation
 F - a scroll of blinking {unknown}
 I - a scroll of enchant armour {unknown}
 J - a scroll of magic mapping {unknown}
Potions
 h - a potion of heal wounds {unknown}
 k - a potion of flight {unknown}
 l - 2 potions of haste
 o - 5 potions of curing
 s - a potion of magic {unknown}
 v - 3 potions of agility
 L - a potion of lignification {unknown}
Books
 K - a book of Spatial Translocations

   Spells                             Type                      Level
   a - Apportation                    Translocation                1
   b - Blink                          Translocation                2
   c - Shroud of Golubria             Charms/Translocation         2
   d - Portal Projectile              Translocation                3
   e - Teleport Other                 Translocation                3
   f - Passage of Golubria            Translocation                4
Comestibles
 g - 7 bread rations
 i - a meat ration
 G - 2 chunks of flesh {@w1}


   Skills:
 - Level 0.8(0.4) Fighting
 - Level 0.8(0.4) Short Blades
 - Level 2.1(1.8) Dodging
 + Level 7.9(7.5) Stealth
 - Level 4.9(4.4) Evocations


You had 5 spell levels left.
You didn't know any spells.

Dungeon Overview and Level Annotations

Branches:
Dungeon (4/15)
 Temple: D:4-7

Altars:
Dithmenos
Elyvilon
Okawaru
Xom
Yredelemnul
The Shining One

Shops:
D:4 !


Innate Abilities, Weirdness & Mutations

You are resistant to damage.
You can recharge devices by infusing magical energy.
You passively map a small area around you.
You do not regenerate naturally.


Message History

There is an open door here.
You hit the ogre.
The ogre is lightly wounded.
The ogre misses you.
You barely miss the ogre.
The ogre is lightly wounded.
The ogre hits you with a giant club!
You hit the ogre but do no damage.
The ogre is lightly wounded.
The ogre closely misses you.
You barely miss the ogre.
The ogre is lightly wounded.
You barely miss the ogre.
The ogre is lightly wounded.
The ogre hits you with a giant club!!
* * * LOW HITPOINT WARNING * * *
You hit the ogre.
The ogre is moderately wounded.
The ogre hits you with a giant club!!
You die...

, #.# * ##.......##
##.## ,,
#.........####...#####
+.........+...........
,
,#..>......####...#####
#.......# ##.## *
#.....# #.# *#..O# #.#
#q#* #.### #.# #...#
########.# ###.#
.........## #.#
######...## ##### #.#
#..[..# #...###.#
##...####.#.....#
##.........#####
###########


You could see an ogre.

Vanquished Creatures
  An ogre (D:4)
  A jelly (D:3)
  Terence (D:2)
  2 worker ants (D:4)
  4 adders
  A gnoll (D:4)
  2 worms
  4 dart slugs
  5 giant geckos
  5 orcs
  6 bats
  A giant cockroach (D:3)
  7 goblins
  7 hobgoblins
  2 jackals (D:3)
  2 quokkas
  3 giant newts
  6 kobolds
  A quokka skeleton (D:3)
  5 rats
66 creatures vanquished.

Vanquished Creatures (collateral kills)
  2 gnolls (D:4)
2 creatures vanquished.

Vanquished Creatures (others)
  A howler monkey (D:4)
  A gnoll (D:4)
  An orc (D:4)
3 creatures vanquished.

Grand Total: 71 creatures vanquished

Notes
Turn   | Place    | Note
--------------------------------------------------------------
     0 | D:1      | Larett the Deep Dwarf Artificer began the quest for the Orb.
     0 | D:1      | Reached XP level 1. HP: 16/16 MP: 3/3
   198 | D:1      | Reached XP level 2. HP: 24/24 MP: 5/5
   775 | D:2      | Reached skill level 2 in Stealth
   839 | D:2      | Reached XP level 3. HP: 20/30 MP: 6/6
   881 | D:2      | Reached skill level 3 in Stealth
  1204 | D:2      | Reached skill level 4 in Stealth
  1261 | D:2      | HP: 6/30 [worm (4)]
  1340 | D:2      | Noticed Terence
  1358 | D:2      | Killed Terence
  1358 | D:2      | Reached XP level 4. HP: 34/37 MP: 6/6
  1630 | D:3      | Found a glowing golden altar of the Shining One.
  1656 | D:3      | Reached skill level 5 in Stealth
  1866 | D:3      | HP: 2/37 [acid (6)]
  1874 | D:3      | Reached XP level 5. HP: 19/43 MP: 7/7
  1929 | D:3      | HP: 8/43 [worm (1)]
  1938 | D:3      | Reached skill level 6 in Stealth
  2467 | D:4      | HP: 3/43 [gnoll/flail (6)]
  2480 | D:4      | HP: 8/43 [gnoll/spear (3)]
  2556 | D:4      | Found a shimmering altar of Xom.
  2556 | D:4      | Noticed an ogre
  2558 | D:4      | Found a shadowy altar of Dithmenos.
  2558 | D:4      | Found a basalt altar of Yredelemnul.
  2559 | D:4      | Found a white marble altar of Elyvilon.
  2559 | D:4      | Found an iron altar of Okawaru.
  2560 | D:4      | HP: 5/43 [ogre/giant spiked club (18)]
  2578 | D:4      | Killed an ogre
  2578 | D:4      | Reached skill level 7 in Stealth
  2578 | D:4      | Reached XP level 6. HP: 38/50 MP: 7/7
  2677 | D:4      | Found Focuitan's Distillery.
  2680 | D:4      | Bought a potion of curing for 42 gold pieces
  2680 | D:4      | Bought a potion of curing for 42 gold pieces
  2680 | D:4      | Bought a potion of curing for 42 gold pieces
  2873 | D:4      | Mangled by an ogre

Skill      XL: |  1  2  3  4  5 |
---------------+----------------+-----
Stealth        | 2 4 5 7 |  7.9
Fighting       | |  0.8
Short Blades   | |  0.8
Dodging        | |  2.1
Evocations     | |  4.9

Action                   |  1- 3 |  4- 6 || total
-------------------------+-------+-------++-------
Melee: Short sword       |   194 |   248 ||   442
 Abil: Device Recharging |     1 |     1 ||     2
Evoke: Wand              |     7 |    25 ||    32
  Use: Scroll            |       |     5 ||     5
 Stab: Sleeping          |       |     1 ||     1
  Eat: Chunk             |     2 |     3 ||     5
       Royal jelly       |       |     1 ||     1
Armor: Leather armour    |    38 |    51 ||    89
Dodge: Dodged            |   141 |   166 ||   307
